 Dungeon Crawl Stone Soup version 0.29.1-2-gbd0b4ee654 (console) character file.

Game seed: 9754628475662296128

48 Goreval the Vexing (level 3, -4/26 HPs)
             Began as a Barachi Arcane Marksman on Nov 8, 2022.
             Frozen to death by an endoplasm (5 damage)
             ... on level 2 of the Dungeon on Nov 9, 2022.
             The game lasted 00:22:40 (1290 turns).

Goreval the Vexing (Barachi Arcane Marksman)        Turns: 1290, Time: 00:22:40

Health: -4/26      AC:  2    Str: 11    XL:     3   Next: 72%
Magic:  14/14      EV: 12    Int: 15    God:
Gold:   59         SH:  0    Dex: 12    Spells: 3/4 levels left

rFire   . . .      SeeInvis .   a - +1 sling
rCold   . . .      Faith    .   (no shield)
rNeg    . . .      Spirit   .   c - +0 robe
rPois   .          Reflect  .   (no helmet)
rElec   .          Harm     .   (no cloak)
rCorr   .          Rampage  .   (no gloves)
Will    .....                   (no boots)
Stlth   +.........              (no amulet)
HPRegen 0.08/turn               i - ring of magical power
MPRegen 0.14/turn               (no ring)

@: lethally poisoned (-4 -> -17), slow
A: amphibious, slowness 1, strong legs 1, +LOS
a: Hop


You were on level 2 of the Dungeon.
You visited 1 branch of the dungeon, and saw 2 of its levels.

You collected 59 gold pieces.

Inventory:

Hand Weapons
 a - a +1 sling (weapon)
Armour
 c - a +0 robe (worn)
 f - a +0 robe
Jewellery
 i - a ring of magical power (left hand)
Scrolls
 b - 3 scrolls of poison
 e - 2 scrolls of identify {unknown}
 g - a scroll of teleportation {unknown}
 j - a scroll of magic mapping {unknown}
Potions
 d - a potion of cancellation {unknown}
 h - a potion of degeneration {unknown}
 k - a potion of curing {unknown}
 l - a potion of mutation {unknown}


   Skills:
 + Level 1.5 Fighting
 * Level 3.2 Ranged Weapons
 + Level 2.6 Dodging
 * Level 1.4 Spellcasting
 + Level 3.5 Hexes


You had 3 spell levels left.
You knew the following spells:

 Your Spells              Type           Power      Damage    Failure   Level
a - Slow                  Hex            44%        N/A       5%          1

Your spell library contained the following spells:

 Spells                   Type           Power      Damage    Failure   Level
 Inner Flame              Hex/Fire       6%         N/A       34%         3
 Portal Projectile        Hex/Tloc       12%        N/A       34%         3
 Cause Fear               Hex            5%         N/A       47%         4


Dungeon Overview and Level Annotations

Branches:
Dungeon (2/15)

Altars:

Shops:
D:2 ?


Innate Abilities, Weirdness & Mutations

You are amphibious.
You cover ground slowly.
You can hop short distances.
You have an extended range of vision and can be seen from far away.


Message History

Okay, then.
Okay, then.
You shoot a sling bullet. The hobgoblin shouts!
The endoplasm quivers.
The sling bullet hits the endoplasm.
A rat comes into view.
You shoot a sling bullet. The sling bullet barely misses the rat.
You shoot a sling bullet.
The sling bullet closely misses the rat.
The rat barely misses you.
You shoot a sling bullet. The sling bullet hits the rat.
The rat misses you.
You shoot a sling bullet. The sling bullet barely misses the rat.
You hear a shout!
The rat barely misses you.
You shoot a sling bullet. The sling bullet barely misses the rat.
The hobgoblin misses you. The rat barely misses you.
The hobgoblin closely misses you. The rat barely misses you.
You shoot a sling bullet.
The sling bullet closely misses the rat.
You hear a shout!
The hobgoblin hits you with a +2 hand axe of venom!
You are poisoned.
The rat closely misses you.
A quokka comes into view.
You feel very sick. The rat bites you but does no damage.
A goblin comes into view. It is wielding a +0 club.
The hobgoblin attacks as you move away!
The hobgoblin hits you with a +2 hand axe of venom.
You are lethally poisoned!
Found a dagger.
Found Ceomil's Magic Scroll Shop.
* * * LOW HITPOINT WARNING * * *
You feel very sick. The rat bites you.
* * * LOW HITPOINT WARNING * * *
* * * LOW HITPOINT WARNING * * *
You feel very sick. The endoplasm freezes you.
You are frozen.
You die...

#...... ......∩. .........
......... ..............<# ####
................
...#............... ####
#..#r............. ##..##
#@J#g....#...J.
##....#######rg####.....#
##..##.......##....#.....##
##....##......#####.#......###..
##..##..##.......................
##..##....##†.............>..##...
##..##..##..##...............##
##..##....##..##..............#
##..##..##..##..##.............#
#..##..##.#..##..##..............
##..##..##..##..##.........##.##..
##..##....##..###....<..........##
##..##..##..###..........##.#. #
##..##....##............#
##..##..##.............#
###....###..............
#####.##..##...............#
#.....###..#)#............##
#.....####..†#...........##
#........)...#.......#####
#....<################ #.....#
#.....#


You could see an endoplasm, a quokka (wandering), a hobgoblin and a rat.

Vanquished Creatures
  An adder (D:2)
  A dart slug (D:1)
  3 endoplasms
  3 giant cockroaches
  3 hobgoblins
  3 jackals (D:1)
  3 quokkas (D:1)
  A bat (D:1)
  6 goblins
  5 kobolds
  5 rats (D:1)
34 creatures vanquished.

Vanquished Creatures (others)
  5 fungi (D:1)
  A plant (D:1)
6 creatures vanquished.

Grand Total: 40 creatures vanquished

Notes
Turn   | Place    | Note
-------+----------+-------------------------------------------
     0 | D:1      | Goreval the Barachi Arcane Marksman began the quest for the
                  | Orb.
     0 | D:1      | Reached XP level 1. HP: 15/15 MP: 2/2
   212 | D:1      | Reached XP level 2. HP: 16/21 MP: 3/3
   880 | D:1      | Reached XP level 3. HP: 26/26 MP: 4/4
  1004 | D:1      | You fall into a shaft and drop 1 floor!
  1289 | D:2      | Found Ceomil's Magic Scroll Shop.
  1290 | D:2      | HP: 1/26 [poisoned by a hobgoblin]
  1290 | D:2      | Frozen to death by an endoplasm

Illustrated notes

Levels and vault maps discovered:
D:1:      spicycebolla_arrival_clurvy, layout_loops_ring,
          hangedman_decor_clover_reticule
D:2:      minmay_alternating_diamond, layout_rooms, serial_shops, shop_scrolls,
          serial_park_tiny_1

Skill      XL: |  1  2  3 |
---------------+----------+-----
Ranged Weapons | 3 |  3.2
Fighting       | |  1.5
Dodging        | |  2.6
Spellcasting   | |  1.4
Hexes          | |  3.5

Action                   || total
-------------------------++-------
 Fire: Sling             ||   124
 Cast: Slow              ||     3
Armor: Robe              ||    13
Dodge: Dodged            ||    35
